 Dungeon Crawl Stone Soup version 0.28-a0-861-ge64d6db94f (webtiles) character file.

Game seed: 11714586124651245438

67 bande the Covered (level 4, -2/29 HPs)
             Began as a Gargoyle Fighter on Nov 15, 2021.
             Slain by Sigmund (10 damage)
             ... on level 2 of the Dungeon.
             The game lasted 00:01:49 (1924 turns).

bande the Covered (Gargoyle Fighter)                Turns: 1924, Time: 00:01:49

Health: -2/29      AC: 10    Str: 21    XL:     4   Next: 16%
Magic:  4/4        EV:  9    Int:  8    God:
Gold:   91         SH:  4    Dex:  9    Spells: 3/3 levels left

rFire   . . .      SeeInvis .   a - +0 war axe
rCold   . . .      Faith    .   c - +0 buckler
rNeg    + . .      Spirit   .   b - +0 scale mail
rPois   ∞          Reflect  .   (no helmet)
rElec   +          Harm     .   (no cloak)
rCorr   .          Rampage  .   (no gloves)
Will    .....                   (no boots)
Stlth   ..........              (no amulet)
HPRegen 0.09/turn               (no ring)
MPRegen 0.09/turn               (no ring)

@: mighty
A: sickness immunity, AC +3, negative energy resistance 1, electricity
resistance, torment resistance 1, petrification resistance
a: no special abilities


You were on level 2 of the Dungeon.
You visited 1 branch of the dungeon, and saw 2 of its levels.

You collected 91 gold pieces.

Inventory:

Hand Weapons
 a - a +0 war axe (weapon)
Armour
 b - a +0 scale mail (worn)
 c - a +0 buckler (worn)
Jewellery
 f - a ring of magical power
Scrolls
 e - a scroll of amnesia {unknown}
 g - a scroll of identify {unknown}


   Skills:
 + Level 3.8 Fighting
 + Level 2.7 Axes
 + Level 3.9 Armour
 + Level 3.7 Shields


You had 3 spell levels left.
You didn't know any spells.
Your spell library contained the following spells:

 Spells                   Type           Power      Damage    Failure   Level
 Gell's Gravitas          Tloc           0%         N/A       98%         3
 Lesser Beckoning         Tloc           0%         N/A       98%         3
 Teleport Other           Tloc           0%         N/A       98%         3


Dungeon Overview and Level Annotations

Branches:
Dungeon (2/15)

Altars:

Shops:
D:1 *   D:2 (

Annotations:
D:2 Sigmund


Innate Abilities, Weirdness & Mutations

You are immune to sickness and miasma.
Your stone body is resilient. (AC +3)
You are immune to poison.
You resist negative energy. (rN+)
You are resistant to electric shocks. (rElec)
You are resistant to unholy torment.
You are immune to petrification.


Message History

No target in view!
Found an escape hatch in the floor.
Found Onkah's Antique Weapon Shop.
No target in view!
No target in view!
Found an escape hatch in the ceiling.
No target in view!
No target in view!
No target in view!
You now have 91 gold pieces (gained 10).
There is an entrance to Onkah's Antique Weapon Shop here.
Sigmund the Dreaded comes into view.
He is wielding a +0 scythe.
Sigmund shouts!
Sigmund is nearby!
You feel very mighty all of a sudden.
Sigmund hits you from afar with a +0 scythe!
Sigmund points at you and mumbles some strange words.
You are confused.
You bump into the rock wall.
Sigmund barely misses you.
You closely miss Sigmund.
Sigmund points at you and mumbles some strange words.
The magic dart hits you. Sigmund hits you with a +0 scythe.
You bump into the rock wall.
You feel less confused. You block Sigmund's attack.
You slash Sigmund!
Sigmund is heavily wounded.
Sigmund closely misses you.
You barely miss Sigmund.
Sigmund is heavily wounded.
Sigmund hits you with a +0 scythe!
* * * LOW HITPOINT WARNING * * *
You barely miss Sigmund.
Sigmund is heavily wounded.
Sigmund completely misses you.
You slash Sigmund!
Sigmund is almost dead.
Sigmund hits you with a +0 scythe!
You die...

#...#####..#
#........# #.###
#### ###......# ###
8.##...... ...
#...... ... #.....#
###+########.##
#.###.#
.............PP #.#
#.#
#...PP.........###.#
#.# #..@@.♣#####...#
#.# ###..###.....###
#.# #..#...##### #.#
#....### #.# #...##
#####


You could see Sigmund.

Vanquished Creatures
  A gnoll (D:1)
  An adder (D:2)
  3 dart slugs
  2 endoplasms
  3 giant cockroaches (D:1)
  5 goblins
  A hobgoblin (D:1)
  2 jackals (D:1)
  3 kobolds (D:1)
  2 quokkas (D:1)
  5 ball pythons
  6 bats
  A frilled lizard (D:2)
  4 rats
39 creatures vanquished.

Vanquished Creatures (others)
  3 fungi (D:1)
3 creatures vanquished.

Grand Total: 42 creatures vanquished

Notes
Turn   | Place    | Note
-------+----------+-------------------------------------------
     0 | D:1      | bande the Gargoyle Fighter began the quest for the Orb.
     0 | D:1      | Reached XP level 1. HP: 14/14 MP: 1/1
   116 | D:1      | Found Butitoc's Assorted Antiques.
   173 | D:1      | Reached XP level 2. HP: 15/19 MP: 2/2
   663 | D:1      | Reached XP level 3. HP: 24/24 MP: 3/3
  1725 | D:2      | Reached XP level 4. HP: 29/29 MP: 4/4
  1865 | D:2      | Found Onkah's Antique Weapon Shop.
  1912 | D:2      | Noticed Sigmund
  1924 | D:2      | Slain by Sigmund

Illustrated notes

Levels and vault maps discovered:
D:1:      ncdulo_lavacross, layout_loops_ring, serial_shops, nicolae_shop_trees,
          minmay_misc_feat_plants
D:2:      layout_basic, serial_shops, nicolae_shop_statue_plus,
          chequers_ecumenical_altar_lobes, uniq_sigmund

Skill      XL: |  1  2 |
---------------+-------+-----
Axes           | 2 |  2.7
Fighting       | |  3.8
Armour         | |  3.9
Shields        | |  3.7

Action                   |  1- 3 |  4- 6 || total
-------------------------+-------+-------++-------
Melee: War axe           |   138 |    13 ||   151
  Use: Potion            |       |     1 ||     1
Armor: Scale mail        |    76 |     3 ||    79
Dodge: Dodged            |    87 |     9 ||    96
Block: Buckler           |    43 |     3 ||    46

Table legend: (Time is in decaauts)
 A = Elapsed time spent in this place.
 B = Non-inter-level travel time spent in this place.
 C = Inter-level travel time spent in this place.
 D = Time resting spent in this place.
 E = Time spent auto-exploring this place.
 F = Levels seen in this place.
 G = Mean time per level.
                   A        B        C        D        E       F      G
               +--------+--------+--------+--------+--------+-----+--------+
         Total |   1983 |   1951 |     32 |    705 |    902 |   2 |  991.5 |
       Dungeon |   1983 |   1951 |     32 |    705 |    902 |   2 |  991.5 |
               +--------+--------+--------+--------+--------+-----+--------+

Top non-repeatable levels by time:
     D:1: 1582 daAuts
     D:2: 401 daAuts
